 Dungeon Crawl Stone Soup version 0.29-a0-330-g52719c12eb (webtiles) character file.

Game seed: 17347425004586538043

828 Crownlay the Magician (level 7, 0/46 HPs)
             Began as an Octopode Transmuter on May 1, 2022.
             Was an Initiate of Cheibriados.
             Succumbed to a water moccasin's poison
             ... on level 5 of the Dungeon.
             The game lasted 00:09:29 (5553 turns).

Crownlay the Magician (Octopode Transmuter)         Turns: 5553, Time: 00:09:29

Health: 0/46       AC:  2    Str: 10    XL:     7   Next: 97%
Magic:  10/14      EV: 19    Int: 18    God:    Cheibriados [......]
Gold:   200        SH:  0    Dex: 19    Spells: 12/16 levels left

rFire   + . .      SeeInvis .     - Unarmed
rCold   . . .      Faith    .   (shield currently unavailable)
rNeg    . . .      Spirit   .   (helmet currently unavailable)
rPois   .          Reflect  .   l - amulet of the acrobat
rElec   .          Harm     .   p - ring of protection from fire
rCorr   .          Rampage  .   s - ring of poison resistance
Will    .....                   (no ring)
Stlth   ++........              (no ring)
HPRegen 0.15/turn               (no ring)
MPRegen 0.14/turn               (no ring)
                                (no ring)
                                (no ring)

@: brilliant, lethally poisoned (0 -> -25), spider-form, very slow
A: venomous fangs, almost no armour, (amphibious), 8 rings, tiny, (camouflage
1), (gelatinous body 1), (nimble swimmer 1), (tentacles)
a: End Transformation, Renounce Religion


You were on level 5 of the Dungeon.
You worshipped Cheibriados.
Cheibriados was noncommittal.
You were a venomous arachnid creature.
You visited 1 branch of the dungeon, and saw 5 of its levels.

You collected 200 gold pieces.

Inventory:

Missiles
 v - a throwing net
Armour
 t - a +0 buckler of cold resistance
Jewellery
 l - an amulet of the acrobat (around neck)
 p - a ring of protection from fire (left front leg)
 s - a ring of poison resistance (right front leg)
Wands
 i - a wand of charming (4)
 o - a wand of polymorph (6)
 r - a wand of acid (6)
Scrolls
 b - a scroll of immolation
 d - 3 scrolls of teleportation
 e - a scroll of magic mapping {unknown}
 j - a scroll of enchant weapon
 m - a scroll of noise
 q - 4 scrolls of vulnerability
 w - 3 scrolls of enchant armour
 x - a scroll of summoning {unknown}
 y - 2 scrolls of amnesia {unknown}
Potions
 a - a potion of lignification
 c - a potion of ambrosia {unknown}
 f - a potion of mutation {unknown}
 g - a potion of attraction {unknown}
 h - a potion of curing {unknown}
 k - a potion of flight {unknown}
 n - a potion of brilliance
 u - 2 potions of cancellation
 z - 2 potions of berserk rage {unknown}
 A - 2 potions of heal wounds {unknown}


   Skills:
 + Level 3.5 Fighting
 - Level 2.0 Dodging
 + Level 4.3 Unarmed Combat
 * Level 5.1 Spellcasting
 + Level 4.4 Transmutations
 - Level 3.0 Poison Magic


You had 12 spell levels left.
You knew the following spells:

 Your Spells              Type           Power      Damage    Failure   Level
a - Beastly Appendage     Tmut           60%        N/A       9%          1
b - Spider Form           Tmut/Pois      27%        N/A       22%         3

Your spell library contained the following spells:

 Spells                   Type           Power      Damage    Failure   Level
 Wereblood                Tmut           30%        N/A       11%         2
 Ice Form                 Ice/Tmut       18%        N/A       67%         4


Dungeon Overview and Level Annotations

Branches:
Dungeon (5/15)
 Temple: D:4-7

Altars:
Cheibriados
Gozag
Kikubaaqudgha
Sif Muna
Vehumet
Xom
Zin
The Shining One

Shops:
D:1 (


Innate Abilities, Weirdness & Mutations

You are a venomous arachnid creature.
You have poisonous fangs.
You are tiny and dextrous.
Your spellcasting is less reliable in this form.
Your armour is entirely melded.
You are incapable of wielding weapons or throwing items.
You cannot wear most types of armour.
((You are amphibious.))
You can wear up to eight rings at the same time.
((Your skin changes colour to match your surroundings (Stealth+).))
((Your rubbery body absorbs attacks. (AC +1, EV +1)))
((You are camouflaged when in or above water. (Stealth+)))
((You have tentacles for arms and can constrict up to eight enemies at once.))


Message History

You are poisoned.
The water moccasin poisons you!
You hit the water moccasin but do no damage.
The water moccasin is heavily wounded.
You feel sick. The water moccasin bites you.
You are lethally poisoned!
The water moccasin poisons you!
You hit the water moccasin.
The water moccasin looks as sick as possible!
The water moccasin is almost dead.
You feel very sick. The water moccasin misses you.
You are too injured to fight recklessly!
Okay, then.
The water moccasin attacks as you move away!
The water moccasin completely misses you.
You feel very sick.
The water moccasin completely misses you.
The water moccasin attacks as you move away!
The water moccasin closely misses you.
Your transformation has ended.
You feel very sick.
The water moccasin completely misses you.
Casting: Spider Form (dangerous; 9% risk of failure)
Confirm with . or Enter, or press ? or * to list all spells.
You turn into a venomous arachnid creature.
* * * LOW HITPOINT WARNING * * *
You feel sick. The water moccasin bites you.
* * * LOW HITPOINT WARNING * * *
You are more poisoned.
The water moccasin poisons you!
You hit the water moccasin.
You kill the water moccasin!
Cheibriados appreciates the change of pace.
* * * LOW HITPOINT WARNING * * *
You feel very sick.
Your Spellcasting skill increases to level 5!
It was a potion of brilliance.
You feel clever all of a sudden.
You die...

### ..## ...## ....#
....# # ....# ..
...############### ...
.................# ....
....############s##.....
....# #..†......#
....###### #.........#
.....................###
.)###########...........
)## #.##....#### ))##
#.. ..####
...###############
.........#.#_#8#⌠####


There were no monsters in sight!

Vanquished Creatures
  A water moccasin (D:5)
  An ogre (D:4)
  A black bear (D:5)
  2 scorpions (D:4)
  A howler monkey (D:4)
  3 hounds
  2 orc priests
  An iguana (D:5)
  3 orc wizards
  5 adders
  3 dart slugs
  17 orcs
  9 endoplasms
  4 giant cockroaches
  7 hobgoblins
  2 quokkas
  8 ball pythons
  5 bats
  2 frilled lizards (D:2)
  12 goblins
  6 kobolds
  4 rats
99 creatures vanquished.

Vanquished Creatures (others)
  An angel (D:3)
  A ball python (D:2)
2 creatures vanquished.

Grand Total: 101 creatures vanquished

Notes
Turn   | Place    | Note
-------+----------+-------------------------------------------
     0 | D:1      | Crownlay the Octopode Transmuter began the quest for the
                  | Orb.
     0 | D:1      | Reached XP level 1. HP: 13/13 MP: 3/3
   313 | D:1      | Reached XP level 2. HP: 17/18 MP: 5/5
   686 | D:1      | Reached skill level 1 in Poison Magic
   906 | D:1      | Found Upsilisael's Weapon Shop.
  1226 | D:2      | Reached XP level 3. HP: 23/23 MP: 6/6
  1240 | D:2      | Learned a level 3 spell: Spider Form
  1413 | D:2      | Found a faded altar of an unknown god.
  2274 | D:3      | Noticed an angel
  2275 | D:3      | Found a glowing silver altar of Zin.
  2276 | D:3      | Found a shimmering altar of Xom.
  2345 | D:3      | Killed an angel
  2493 | D:3      | Reached XP level 4. HP: 29/29 MP: 6/8
  2861 | D:3      | Found a radiant altar of Vehumet.
  2861 | D:3      | Found an ancient bone altar of Kikubaaqudgha.
  2862 | D:3      | Found a shimmering blue altar of Sif Muna.
  2986 | D:4      | Reached skill level 3 in Spellcasting
  2990 | D:3      | Reached XP level 5. HP: 34/34 MP: 9/9
  3582 | D:4      | Reached XP level 6. HP: 33/41 MP: 11/11
  3813 | D:4      | Identified the +1 robe of the Durable Dropbear {rElec rF-
                  | rC+ rN+}
  4278 | D:4      | Reached skill level 4 in Spellcasting
  4278 | D:4      | Reached XP level 7. HP: 31/45 MP: 7/13
  4877 | D:5      | Entered Level 5 of the Dungeon
  5048 | D:5      | Found a snail-covered altar of Cheibriados.
  5221 | D:5      | Found an opulent altar of Gozag.
  5230 | D:5      | Became a worshipper of Cheibriados the Contemplative
  5260 | D:5      | Found a glowing golden altar of the Shining One.
  5553 | D:5      | Reached skill level 5 in Spellcasting
  5553 | D:5      | Succumbed to a water moccasin's poison

Illustrated notes

Levels and vault maps discovered:
D:1:      minmay_arrival_four_houses, layout_rooms, serial_shops, shop_statue,
          minmay_misc_feat_ornament
D:2:      layout_loops_ring, hellmonk_ecumenical_altar_inner_sanctum,
          lemuel_flame_loot_1
D:3:      layout_rooms, grunt_temple_overflow_order_and_chaos_1,
          grunt_temple_overflow_magic_moments, roderic_lattice_a, hex_tiny,
          st_stairs_10
D:4:      layout_loops_ring, chequers_serial_rivers_small_3,
          minmay_ogre_servants
D:5:      layout_rooms, minitemple

Skill      XL: |  1  2  3  4  5  6  7 |
---------------+----------------------+-----
Poison Magic   | 1 2 3 |  3.0
Spellcasting   | 3 4 5 |  5.1
Fighting       | 2 3 |  3.5
Transmutations | 3 4 |  4.4
Unarmed Combat | 4 |  4.3
Dodging        | |  2.0

Action                   |  1- 3 |  4- 6 |  7- 9 || total
-------------------------+-------+-------+-------++-------
Melee: Unarmed           |    84 |   109 |    72 ||   265
       Constrict         |    16 |    12 |     1 ||    29
       Tentacles         |    19 |    13 |     1 ||    33
       Kick              |     4 |    17 |       ||    21
       Punch             |     3 |       |       ||     3
Throw: Javelin           |     4 |       |       ||     4
 Cast: Beastly Appendage |     4 |    13 |       ||    17
       Spider Form       |       |     8 |     9 ||    17
Evoke: Wand              |       |     6 |       ||     6
  Use: Scroll            |       |     6 |     1 ||     7
       Potion            |       |       |     1 ||     1
 Stab: Sleeping          |     6 |     1 |       ||     7
Armor: Skin              |     3 |    11 |     4 ||    18
Dodge: Dodged            |    46 |   107 |    68 ||   221

Table legend: (Time is in decaauts)
 A = Elapsed time spent in this place.
 B = Non-inter-level travel time spent in this place.
 C = Inter-level travel time spent in this place.
 D = Time resting spent in this place.
 E = Time spent auto-exploring this place.
 F = Levels seen in this place.
 G = Mean time per level.
                   A        B        C        D        E       F      G
               +--------+--------+--------+--------+--------+-----+--------+
         Total |   5590 |   5490 |    100 |      0 |   4732 |   5 | 1118.0 |
       Dungeon |   5590 |   5490 |    100 |      0 |   4732 |   5 | 1118.0 |
               +--------+--------+--------+--------+--------+-----+--------+

Top non-repeatable levels by time:
     D:4: 1641 daAuts
     D:1: 1119 daAuts
     D:3: 1113 daAuts
     D:2: 1078 daAuts
     D:5: 636 daAuts
